 Dungeon Crawl Stone Soup version 0.26-a0-487-gbff1e92059 (webtiles) character file.

Game seed: 10330033427693085692

891714 ReteAZ the Phalangite (level 27, -36/228 HPs)
             Began as a Gnoll Wanderer on Aug 2, 2020.
             Was the Champion of Cheibriados.
             Killed by dispel undead
             ... invoked by a Tzitzimitl
             ... created by the effects of Hell
              (53 damage)
             ... on level 7 of the Iron City of Dis.
             The game lasted 03:55:33 (76152 turns).

ReteAZ the Phalangite (Gnoll Wanderer)             Turns: 76152, Time: 03:55:34

Health: -36/228    AC: 53    Str: 30      XL:     27
Magic:  0/48       EV: 38    Int: 40 (41) God:    Cheibriados [******]
Gold:   8185       SH: 22    Dex: 38      Spells: 30/68 levels left

rFire    + + .     SeeInvis +   l - +9 eveningstar (flame)
rCold    + + +     Faith    .   K - +2 kite shield of Death's Door {rF+ Stlth+}
rNeg     + + +     Spirit   +   u - +10 pearl dragon scales
rPois    ∞         Reflect  .   T - +2 hat of the Bear Spirit {Spirit, +Rage rN+ MR++}
rElec    +         Harm     .   o - +1 cloak of Starlight {rElec rC+ EV+4 Stlth--}
rCorr    +                      j - +3 pair of gauntlets of War {Slay+5}
MR       +++++                  a - +2 pair of boots "Dues" {rCorr}
Stlth    +++++++...             Z - amulet "Juthrie" {rPois Regen+ Dex+3 SInv}
HPRegen  0.88/turn              k - ring "Caquf" {rF+ rC+ Int-4 Dex+3}
MPRegen  0.31/turn              z - ring "Nedocsakly" {AC+4 Int+5 Stlth+}

@: lich-form, silence, slowed, studying Stealth, lightly drained, very slow
A: distributed training, fangs 1, talons 1, deterioration 1, screaming 1,
subdued magic 1, strong nose
}: 7/15 runes: barnacled, silver, obsidian, icy, bone, abyssal, gossamer
a: End Transformation, Renounce Religion, Evoke Berserk Rage


You were on level 7 of the Iron City of Dis.
You worshipped Cheibriados.
Cheibriados was exalted by your worship.
You were a lich.
You visited 14 branches of the dungeon, and saw 75 of its levels.
You visited the Abyss 1 time.
You visited 1 bazaar.
You also visited: Trove, Bailey, Ice Cave and Wizlab.

You collected 12852 gold pieces.
You spent 4667 gold pieces at shops.

Inventory:

Hand Weapons
 l - a +9 eveningstar of flaming (weapon)
 r - a +9 eudemon blade of holy wrath
 y - the +8 rapier of Fortitude {vamp, rF+ Dex+3}
   (You found it on level 2 of the Shoals)

   It inflicts no extra harm, but heals its wielder when it wounds a living foe.
   It affects your dexterity (+3).
   It protects you from fire.
Missiles
 b - 36 silver javelins (quivered)
 d - 30 javelins
 n - 133 boomerangs
 R - 8 throwing nets
Armour
 a - the +2 pair of boots "Dues" (worn) {rCorr}
   (You bought it in a shop on level 8 of the Dungeon)

   It provides partial protection from all sources of acid and corrosion.
 i - the +5 ring mail of the Cockatrice {rElec Str+4 Int+3}
   (You found it on level 7 of Tartarus)

   It affects your strength (+4).
   It affects your intelligence (+3).
   It insulates you from electricity.
 j - the +3 pair of gauntlets of War (worn) {Slay+5}
   (You bought it in a shop on level 2 of the Orcish Mines)

   It affects your accuracy and damage with ranged weapons and melee attacks
   (+5).
 o - the +1 cloak of Starlight (worn) {rElec rC+ EV+4 Stlth--}
   (You found it in a wizard's laboratory)

   It affects your evasion (+4).
   It protects you from cold.
   It insulates you from electricity.
   It makes you much less stealthy.
 u - +10 pearl dragon scales (worn)
 K - the +2 kite shield of Death's Door (worn) {rF+ Stlth+}
   (You bought it in a shop on level 8 of the Dungeon)

   It protects you from fire.
   It makes you more stealthy.
 T - the +2 hat of the Bear Spirit (worn) {Spirit, +Rage rN+ MR++}
   (You found it on level 15 of the Dungeon)

   It protects you from negative energy.
   It affects your resistance to hostile enchantments.
   It lets you go berserk.
Jewellery
 k - the ring "Caquf" (left hand) {rF+ rC+ Int-4 Dex+3}
   (You found it on level 7 of Tartarus)

   [ring of protection from fire]

   It affects your intelligence (-4).
   It affects your dexterity (+3).
   It protects you from fire.
   It protects you from cold.
 v - the ring "Dolliono" {MP+9 Str+2 Dex+3}
   (You found it in a treasure trove)

   [ring of magical power]

   It affects your strength (+2).
   It affects your dexterity (+3).
   It affects your magic capacity (+9).
 z - the ring "Nedocsakly" (right hand) {AC+4 Int+5 Stlth+}
   (You found it in a treasure trove)

   [ring of protection]

   It affects your AC (+4).
   It affects your intelligence (+5).
   It makes you more stealthy.
 J - an uncursed ring of wizardry
 Z - the amulet "Juthrie" (around neck) {rPois Regen+ Dex+3 SInv}
   (You took it off a vault sentinel on level 2 of the Vaults)

   [amulet of regeneration]

   It affects your dexterity (+3).
   It protects you from poison.
   It lets you see invisible.
   It increases your rate of regeneration.
Wands
 A - a wand of enslavement (7)
 D - a wand of acid (20)
 F - a wand of digging (4)
 M - a wand of disintegration (19)
 P - a wand of clouds (4)
 Q - a wand of iceblast (36)
 V - a wand of flame (87)
Scrolls
 c - a scroll of holy word
 e - 3 scrolls of magic mapping
 f - 9 scrolls of fear
 t - 15 scrolls of identify
 w - 17 scrolls of teleportation
 x - 2 scrolls of amnesia
 H - 29 scrolls of remove curse
 O - a scroll of silence
 Y - 5 scrolls of fog
Potions
 g - 22 potions of curing
 h - 12 potions of might
 p - 4 potions of invisibility
 q - 5 potions of heal wounds
 E - 12 potions of flight
 G - 6 potions of mutation
 N - 5 potions of brilliance
 S - 5 potions of lignification
 U - a potion of resistance
 W - a potion of cancellation
Books
 C - a manual of Stealth
Miscellaneous
 m - 2 phantom mirrors


   Skills:
 + Level 21.0(20.8) Fighting
 + Level 20.9(20.7) Short Blades
 + Level 20.9(20.7) Long Blades
 + Level 20.9(20.7) Axes
 + Level 21.0(20.8) Maces & Flails
 + Level 25.2(25.0) Polearms
 + Level 20.9(20.7) Staves
 + Level 20.9(20.7) Slings
 + Level 20.9(20.7) Bows
 + Level 20.9(20.7) Crossbows
 + Level 20.9(20.7) Throwing
 + Level 21.0(20.8) Armour
 + Level 20.9(20.7) Dodging
 + Level 23.3(23.1) Stealth
 + Level 21.0(20.8) Shields
 + Level 20.9(20.7) Unarmed Combat
 + Level 21.2(21.1) Spellcasting
 + Level 18.1(18.0) Conjurations
 + Level 18.1(18.0) Hexes
 + Level 18.1(18.0) Summonings
 + Level 18.1(18.0) Necromancy
 + Level 18.1(18.0) Translocations
 + Level 18.1(18.0) Transmutations
 + Level 18.2(18.1) Fire Magic
 + Level 18.4(18.3) Ice Magic
 + Level 18.1(18.0) Air Magic
 + Level 18.1(18.0) Earth Magic
 + Level 18.1(18.0) Poison Magic
 + Level 22.4(22.2) Invocations
 + Level 20.9(20.7) Evocations


You had 30 spell levels left.
You knew the following spells:

 Your Spells              Type           Power        Failure   Level
a - Freeze                Ice            ####         0%          1
b - Frozen Ramparts       Ice            ######       0%          3
c - Mephitic Cloud        Conj/Pois/Air  #######.     0%          3
d - Statue Form           Tmut/Erth      #######..    1%          6
e - Ignition              Fire           #######...   2%          8
f - Shatter               Erth           #######...   45%         9
g - Necromutation         Tmut/Necr      ########..   2%          8

Your spell library contained the following spells:

 Spells                   Type           Power        Failure   Level
 Animate Skeleton         Necr           ######       0%          1
 Apportation              Tloc           ######       0%          1
 Beastly Appendage        Tmut           ######       0%          1
 Corona                   Hex            #######      0%          1
 Foxfire                  Conj/Fire      ####         0%          1
 Magic Dart               Conj           ####         0%          1
 Pain                     Necr           ####         0%          1
 Sandblast                Erth           ######       0%          1
 Shock                    Conj/Air       ####         0%          1
 Sting                    Tmut/Pois      ####         0%          1
 Summon Small Mammal      Summ           ####         0%          1
 Blink                    Tloc           N/A          0%          2
 Call Imp                 Summ           #######.     0%          2
 Corpse Rot               Necr/Air       N/A          0%          2
 Ensorcelled Hibernation  Hex/Ice        ######       0%          2
 Passwall                 Tmut/Erth      #######.     0%          2
 Poisonous Vapours        Pois/Air       ######       0%          2
 Searing Ray              Conj           ######       0%          2
 Slow                     Hex            #######.     0%          2
 Sublimation of Blood     Necr           ########..   0%          2
 Swiftness                Air            #######.     0%          2
 Wereblood                Tmut           #######.     0%          2
 Call Canine Familiar     Summ           #######.     0%          3
 Confusing Touch          Hex            #######.     0%          3
 Conjure Flame            Conj/Fire      #######.     0%          3
 Dazzling Flash           Conj/Hex       ######       0%          3
 Ignite Poison            Fire/Tmut/Pois #######.     0%          3
 Inner Flame              Hex/Fire       #######.     0%          3
 Lesser Beckoning         Tloc           #######...   0%          3
 Ozocubu's Armour         Ice            #######.     0%          3
 Portal Projectile        Hex/Tloc       ######       0%          3
 Spider Form              Tmut/Pois      #######...   0%          3
 Stone Arrow              Conj/Erth      ######       0%          3
 Summon Guardian Golem    Hex/Summ       #######.     0%          3
 Tukima's Dance           Hex            #######.     0%          3
 Vampiric Draining        Necr           ########..   0%          3
 Animate Dead             Necr           ########..   0%          4
 Cause Fear               Hex            #######...   0%          4
 Dispel Undead            Necr           ########     0%          4
 Fulminant Prism          Conj/Hex       #######...   0%          4
 Hailstorm                Conj/Ice       #######.     0%          4
 Ice Form                 Ice/Tmut       #######.     0%          4
 Iskenderun's Mystic Bla  Conj/Tloc      #######.     0%          4
 Leda's Liquefaction      Hex/Erth       #######...   0%          4
 Olgreb's Toxic Radiance  Pois           #######.     0%          4
 Passage of Golubria      Tloc           N/A          0%          4
 Petrify                  Tmut/Erth      #######.     0%          4
 Sticky Flame             Conj/Fire      #######.     0%          4
 Summon Ice Beast         Ice/Summ       #######.     0%          4
 Summon Lightning Spire   Summ/Air       #######.     0%          4
 Agony                    Necr           ########     0%          5
 Alistair's Intoxication  Tmut/Pois      #######..    0%          5
 Blade Hands              Tmut           #######...   0%          5
 Bolt of Magma            Conj/Fire/Erth #######...   0%          5
 Borgnjor's Vile Clutch   Necr/Erth      ########..   0%          5
 Excruciating Wounds      Necr           ########..   0%          5
 Fireball                 Conj/Fire      #######...   0%          5
 Iskenderun's Battlesphe  Conj           #######.     0%          5
 Lee's Rapid Deconstruct  Erth           #######...   0%          5
 Lightning Bolt           Conj/Air       #######...   0%          5
 Silence                  Hex/Air        #######...   0%          5
 Summon Demon             Summ           #######...   0%          5
 Summon Forest            Summ/Tloc      #######...   0%          5
 Conjure Ball Lightning   Conj/Air       #######...   1%          6
 Death Channel            Necr           ########..   1%          6
 Dispersal                Tloc           #######...   1%          6
 Freezing Cloud           Conj/Ice/Air   #######...   1%          6
 Invisibility             Hex            #######.     1%          6
 Iron Shot                Conj/Erth      #######...   1%          6
 Ozocubu's Refrigeration  Ice            #######...   1%          6
 Shadow Creatures         Summ           N/A          1%          6
 Simulacrum               Ice/Necr       ########..   1%          6
 Starburst                Conj/Fire      #######...   1%          6
 Dragon Form              Tmut           #######...   1%          7
 Haunt                    Necr/Summ      ########..   1%          7
 Malign Gateway           Summ/Tloc      #######...   1%          7
 Monstrous Menagerie      Summ           #######...   1%          7
 Orb of Destruction       Conj           #######...   1%          7
 Spellforged Servitor     Conj/Summ      #######...   1%          7
 Summon Greater Demon     Summ           #######...   1%          7
 Borgnjor's Revivificati  Necr           ########..   2%          8
 Chain Lightning          Conj/Air       #######...   2%          8
 Disjunction              Tloc           #######...   2%          8
 Infestation              Necr           ########..   2%          8
 Lehudib's Crystal Spear  Conj/Erth      #######...   2%          8
 Summon Horrible Things   Summ           #######...   2%          8
 Absolute Zero            Ice            #######...   41%         9
 Death's Door             Necr           ########..   45%         9
 Fire Storm               Conj/Fire      #######...   45%         9
 Tornado                  Air            #######...   45%         9


Dungeon Overview and Level Annotations

Branches:
Dungeon (15/15)            Temple (0/1) D:7            Lair (6/6) D:8
 Shoals (4/4) Lair:3       Spider (4/4) Lair:2        Slime (0/5) Lair:5
    Orc (2/2) D:11            Elf (3/3) Orc:2        Vaults (5/5) D:13
  Crypt (3/3) Vaults:2       Tomb (0/3) Crypt:3      Depths (5/5) D:15
   Hell (visited)             Dis (7/7) Hell            Geh (7/7) Hell
    Coc (7/7) Hell            Tar (7/7) Hell            Zot (0/5) Depths:5
 Bailey (visited)           IceCv (visited)          WizLab (visited)

Altars:
Cheibriados
Gozag
Kikubaaqudgha
Nemelex Xobeh
Qazlal
Sif Muna
Yredelemnul
Jiyva

Shops:
D:8 [   D:14 *   Orc:1 [   Orc:2 [!*=   Shoals:3 *   Vaults:3 *   Vaults:5 *
Depths:2 [

Portals:
Hell: Depths:1 Depths:2 Depths:3 Depths:4 Depths:5
Abyss: Depths:3 Depths:4
Pandemonium: Depths:3 Depths:4
Ziggurat: Depths:3

Annotations:
D:5 2 runed translucent doors, Bikalo's ghost, novice HOMo
D:8 2 transporters, ohados's ghost, journeyman GnTm
Spider:4 1 exclusion


Innate Abilities, Weirdness & Mutations

Your experience applies equally to all skills.
You have very sharp teeth.
Your uncanny sense of smell can sniff out nearby items.
You have sharp toenails.
Your body sometimes deteriorates upon taking damage.
You occasionally shout uncontrollably at your foes.
Your spells are a little easier to cast, but a little less powerful.


Message History

You feel a surge of energy from the ground.
An iron imp, a tormentor and a freezing wraith come into view.
You hammer the Tzitzimitl like a gong!!!
You burn the Tzitzimitl.
The Tzitzimitl is almost dead.
The iron giant hits you with a +0 giant club!!!
* * * LOW HITPOINT WARNING * * *
You block the red devil's attack. The hell hound completely misses you.
You block the Tzitzimitl's attack. x2; The hell hound completely misses you.
The iron dragon bites you but does no damage.
The iron dragon claws you.
* * * LOW HITPOINT WARNING * * *
You block the iron dragon's attack.
You can't drink.
As you read the scroll of silence, it crumbles to dust.
A profound silence engulfs you. You block the hell hound's attack. x2
The red devil completely misses you. The Tzitzimitl gestures at you.
You convulse!
You die...

##''##############
.....4CL1........#
.....2Dhh........#
.2.M..........W.45.......#
........######...######.#
.......# #...# #.# ......#
#...# #.# #.....# #...#
#.# ....#.....# #...# #.#
....#.....##### #.#


You could see an iron giant, an iron dragon, a Tzitzimitl, a rust devil, a
freezing wraith, a tormentor, a red devil, 2 hell hounds and an iron imp.

Vanquished Creatures
  Antaeus (Coc:7)
  Asmodeus (Geh:7)
  Ereshkigal (Tar:7)
  the Serpent of Hell (Tar:7)
  Khufu (Crypt:2)
  6 ancient liches
  Mennas (Depths:2)
  Mara (Vaults:4)
  Sojobo (Crypt:3)
  Frederick (Vaults:4)
  17 shard shrikes
  Boris (4 times) (Vaults:4 Depths:5 Crypt:1 Crypt:3)
  Saint Roka (Vaults:4)
  Geryon (Hell)
  A curse toe (Crypt:3)
  5 golden dragons
  Arachne (Spider:4)
  A profane servitor (Abyss:3)
  13 bone dragons
  4 doom hounds
  A Hellbinder (WizLab)
  3 iron giants
  15 Brimstone Fiends
  13 liches
  26 Tzitzimimeh
  18 Ice Fiends (Coc:7)
  2 tentacled monstrosities
  2 deep elf blademasters (Elf:3)
  3 quicksilver dragons
  2 deep elf master archers (Elf:3)
  A kraken (Shoals:3)
  7 titans
  5 sphinxes
  15 ancient champions
  Gastronok (D:11)
  2 tentacled starspawn (Abyss:3)
  Agnes (D:15)
  7 tengu reavers
  14 shadow dragons
  5 revenants
  8 storm dragons
  12 fire giants
  10 deep elf sorcerers
  A ghost moth (Spider:4)
  10 frost giants
  10 vault wardens
  13 balrugs
  8 iron dragons
  2 cacodemons
  Louise (Shoals:2)
  3 deep elf elementalists
  A caustic shrike zombie (Depths:2)
  A draconian shifter (Depths:5)
  4 emperor scorpions
  A spriggan defender (Depths:4)
  8 ghouls
  2 curse skulls
  22 very ugly things
  49 reapers
  3 war gargoyles
  13 ironheart preservers
  A draconian annihilator (Depths:5)
  12 vampire knights
  35 stone giants
  4 elemental wellsprings (Coc:7)
  Nessos (D:12)
  A blood saint (WizLab)
  7 entropy weavers
  9 spark wasps
  A green draconian (Depths:5)
  17 deep elf annihilators
  The ghost of Zigma the Grappler, a journeyman DrTm of Makhleb (D:15)
  9 deep elf demonologists
  A black draconian (Depths:5)
  A purple draconian (Depths:5)
  A yellow draconian (Depths:5)
  3 merfolk javelineers
  15 ettins
  7 deep elf death magi
  7 quicksilver dragon zombies
  Snorg (D:11)
  8 eidola
  A mummy priest (Crypt:3)
  8 merfolk impalers
  10 blizzard demons
  2 crystal guardians (Abyss:3)
  13 great orbs of eyes
  7 fire dragons
  15 jiangshi
  A great orb of eyes (shapeshifter) (Abyss:3)
  19 yaktaur captains
  Josephine (D:11)
  25 ice dragons
  4 deep elf high priests
  A quicksilver dragon skeleton (Tar:7)
  14 ogre magi
  37 vault guards
  A kraken zombie (Coc:7)
  2 spriggan air magi
  5 rakshasas
  9 hydras
  An ice dragon (shapeshifter) (Abyss:3)
  47 two-headed ogres
  13 centaur warriors
  An alligator snapping turtle (Shoals:1)
  3 satyrs
  5 merfolk avatars
  4 death knights
  An anaconda (shapeshifter) (Abyss:3)
  A ghost crab (Tar:6)
  23 dancing weapons
  3 merfolk aquamancers
  4 catoblepae
  10 spriggan berserkers
  8 death scarabs (Spider:4)
  A tengu warrior (Depths:1)
  9 titan zombies
  13 deep troll shamans
  6 death yaks (Lair:6)
  15 deep troll earth magi
  5 orc high priests
  34 hell hogs
  13 soul eaters
  Urug (D:12)
  7 thrashing horrors (Abyss:3)
  10 vampire magi
  21 sun demons
  5 storm dragon zombies
  2 iron golems
  5 shadow wraiths
  23 deep elf knights
  6 titan skeletons
  20 hell knights
  2 iron trolls
  2 sixfirhies (Hell)
  137 skeletal warriors
  3 golden dragon zombies
  5 small abominations
  15 sea snakes
  9 shadow demons
  9 anaconda zombies
  2 glowing orange brains
  2 storm dragon skeletons
  5 wizards
  19 flayed ghosts
  39 deep trolls
  4 starcursed masses (Abyss:3)
  A ghost moth zombie (Tar:4)
  5 large abominations (Abyss:3)
  An unseen horror (shapeshifter) (Depths:5)
  A death drake (Tar:7)
  14 unseen horrors
  6 spectral wolf spiders (Spider:4)
  8 anaconda skeletons
  57 deep elf magi
  A lindwurm (shapeshifter) (Vaults:5)
  20 phantasmal warriors
  13 deep elf archers
  Pikel (D:7)
  6 shadow dragon zombies
  19 ironbrand convokers
  15 necromancers
  2 golden dragon skeletons
  13 manticores
  20 wolf spiders
  4 human zombies
  10 wolf spider zombies
  12 orc knights
  11 fire giant zombies
  2 tengu zombies
  7 shadow dragon skeletons
  10 orb spiders
  5 orc sorcerers
  13 harpies
  11 frost giant zombies
  2 salamanders (Geh:7)
  20 fauns
  2 oklob plants
  33 ugly things
  A cyclops (shapeshifter) (Depths:4)
  2 shining eyes (shapeshifter)
  A worldbinder (Abyss:3)
  14 cyclopes
  16 elephants
  4 black mambas
  6 stone giant zombies
  9 iron dragon zombies
  8 merfolk sirens
  8 fire giant skeletons
  4 moths of wrath
  3 iron dragon skeletons
  2 apocalypse crabs
  8 stone giant skeletons
  2 frost giant skeletons
  9 smoke demons
  8 water nymphs
  19 rust devils
  Psyche (D:8)
  A torpor snail (Spider:2)
  11 vault sentinels
  2 gargoyles
  2 black mambas (shapeshifter)
  4 dire elephant zombies
  A yaktaur zombie (Vaults:3)
  6 cane toads
  9 molten gargoyles
  A shock serpent skeleton (Tar:7)
  An alligator snapping turtle zombie (Crypt:3)
  A spectral redback (Spider:4)
  2 orange demons (WizLab)
  4 ice statues
  5 dire elephant skeletons
  A catoblepas zombie (Geh:7)
  18 hellions
  7 spriggan zombies
  9 komodo dragons
  Maggie (D:9)
  2 emperor scorpion zombies
  6 rime drakes
  17 demonic crawlers
  A komodo dragon (shapeshifter) (Elf:1)
  35 freezing wraiths
  A yaktaur (shapeshifter) (Vaults:2)
  25 tormentors
  2 sea snake zombies
  4 efreet
  A purple draconian skeleton (Crypt:3)
  2 hellwings
  46 yaktaurs
  An anaconda simulacrum (Crypt:2)
  15 hydra zombies
  2 kobold demonologists (D:15)
  2 golden dragon simulacra
  An ancient zyme (Abyss:3)
  6 guardian mummies (Crypt:3)
  2 tengu conjurers
  A troll (shapeshifter) (Vaults:2)
  A catoblepas skeleton (Tar:4)
  A harpy zombie (Coc:5)
  26 ice devils
  44 jumping spiders
  4 silent spectres
  A polar bear (shapeshifter) (Vaults:3)
  A minotaur skeleton (Geh:2)
  27 red devils
  29 merfolk
  5 polar bears
  8 trolls
  25 blink frogs
  8 spectral tarantellas (Spider:4)
  4 hydra skeletons
  3 raiju (Abyss:3)
  4 tyrant leeches (Depths:4)
  An iron dragon simulacrum (Tar:7)
  A tengu simulacrum (Vaults:1)
  6 wind drakes
  3 spectral jumping spiders (Spider:4)
  A wolf spider simulacrum (Coc:5)
  2 guardian serpent zombies (Crypt:1)
  9 hornets
  A tarantella zombie (Spider:4)
  A blink frog (shapeshifter) (Depths:1)
  2 elf zombies
  7 ice dragon zombies
  3 jumping spider zombies (Spider:4)
  An alligator zombie (Coc:7)
  6 fire dragon zombies
  A bog body (Crypt:3)
  A raiju (shapeshifter) (Depths:4)
  A fire giant simulacrum (Hell)
  11 dream sheep
  A dream sheep (shapeshifter) (Abyss:3)
  A snapping turtle (shapeshifter) (Vaults:4)
  A stone giant simulacrum (Coc:5)
  3 harpy skeletons
  22 hippogriffs
  28 slime creatures
  8 snapping turtles
  2 human simulacra (Vaults:2)
  A black mamba zombie (Coc:5)
  9 ettin zombies
  3 fire dragon skeletons
  Sigmund (D:3)
  72 redbacks
  2 vampires
  45 shadows
  4 alligator skeletons
  A centaur simulacrum (D:15)
  4 spriggans (Depths:5)
  6 ettin skeletons
  4 ice dragon skeletons
  4 ynoxinuls
  77 flying skulls
  2 air elementals
  32 tarantellas
  23 fire elementals
  5 wyverns
  A tyrant leech zombie (Crypt:3)
  18 water elementals
  43 wraiths
  4 chaos spawn
  60 yaks
  A black mamba skeleton (Tar:4)
  2 vampire mosquitoes (D:11)
  3 basilisks
  2 neqoxecs (WizLab)
  A steam dragon (D:14)
  A two-headed ogre zombie (Crypt:2)
  A merfolk zombie (Dis:5)
  5 wargs
  An acid dragon (shapeshifter) (Vaults:2)
  A soldier ant (D:14)
  2 soldier ants (shapeshifter) (Vaults:1)
  4 acid dragons
  10 cane toad zombies
  3 hydra simulacra
  Duvessa (D:5)
  3 porcupines
  A gelid demonspawn skeleton (Crypt:2)
  A spectral hornet (Spider:4)
  57 orc warriors
  37 hell hounds
  Purgy (D:3)
  10 water moccasins
  A monstrous demonspawn skeleton (Tar:7)
  2 sky beasts
  A cane toad skeleton (Hell)
  A snapping turtle zombie (Coc:5)
  24 ice beasts
  6 phantoms
  A swamp dragon zombie (Tar:1)
  5 black bears
  2 alligator simulacra
  2 eyes of draining (shapeshifter)
  An ettin simulacrum (Coc:7)
  A dream sheep zombie (Crypt:3)
  2 manticore zombies
  39 ogres
  An ogre (shapeshifter) (Vaults:5)
  9 boggarts
  4 eyes of draining
  28 necrophages
  A centaur (shapeshifter) (Vaults:2)
  25 centaurs
  9 crocodiles
  4 manticore skeletons
  25 wolves
  A human skeleton (Vaults:3)
  4 snapping turtle skeletons
  A lemure (D:7)
  An elephant skeleton (Crypt:3)
  Blork the orc (D:6)
  9 big kobolds
  16 bullfrogs
  17 earth elementals
  2 gnoll sergeants (D:11)
  A wyvern zombie (D:9)
  A draconian skeleton (Crypt:2)
  Dowan (D:5)
  A wyvern skeleton (D:9)
  4 scorpions
  8 killer bees (D:10)
  30 wights
  6 howler monkeys
  2 tengu skeletons
  9 electric eels
  4 crimson imps
  A bullfrog zombie (D:8)
  A quasit (D:6)
  5 centaur zombies
  10 iron imps
  4 bullfrog skeletons
  4 centaur skeletons
  32 orc priests
  8 hounds
  7 jellies
  36 orc wizards
  3 iguanas
  2 hell rats (Lair:4)
  6 worker ants
  Terence (D:3)
  A naga zombie (Crypt:3)
  3 demigod zombies
  A naga skeleton (Tar:1)
  A dwarf skeleton (Crypt:2)
  A hound zombie (D:11)
  A hound skeleton (D:11)
  A worker ant zombie (D:6)
  A howler monkey zombie (D:5)
  9 mummies
  12 adders
  10 gnolls
  3 river rats (Lair:4)
  10 shadow imps
  25 white imps
  7 ufetubi
  A halfling skeleton (Crypt:2)
  An iguana skeleton (Crypt:1)
  A worm (D:2)
  A dart slug (D:2)
  7 leopard geckos
  113 orcs
  8 giant cockroaches
  13 goblins
  9 hobgoblins
  3 jackals (D:1)
  29 kobolds
  3 quokkas
  6 bats
  A bat (shapeshifter) (Vaults:5)
  5 frilled lizards
  A gnoll skeleton (Crypt:2)
  A hobgoblin zombie (Crypt:1)
  A leopard gecko skeleton (Crypt:1)
  3 orc zombies
  10 rats
  A crawling corpse (Elf:3)
  A fungus (Shoals:1)
  2 lurking horrors (Abyss:3)
  3 plants
  7 tentacles
3640 creatures vanquished.

Vanquished Creatures (collateral kills)
  A redback (Spider:1)
1 creature vanquished.

Vanquished Creatures (others)
  A shard shrike (Coc:6)
  An elemental wellspring (Coc:7)
  A quicksilver dragon zombie (Geh:7)
  A dancing weapon (Elf:2)
  A two-headed ogre (Depths:3)
  2 hell hogs
  An unseen horror (Vaults:1)
  A harpy (shapeshifter) (Vaults:4)
  An orb spider (Spider:2)
  A wyvern (shapeshifter) (Vaults:3)
  A warg (Vaults:4)
  An ogre (Depths:3)
  A boggart (Vaults:2)
  A necrophage (Geh:3)
  6 wights
  A hound skeleton (Crypt:3)
  A worm (shapeshifter) (Depths:3)
  13 fungi
  6 plants
  4 starspawn tentacles (Abyss:3)
  13 tentacles
59 creatures vanquished.

Grand Total: 3700 creatures vanquished

Notes
Turn   | Place    | Note
-------+----------+-------------------------------------------
     0 | D:1      | ReteAZ the Gnoll Wanderer began the quest for the Orb.
     0 | D:1      | ReteAZ set off with the following items: a +0 mace, a +0
                  | robe; and the following spell memorised: Freeze; and the
                  | following spells available to memorise: Frozen Ramparts,
                  | Ozocubu's Armour, Poisonous Vapours, Swiftness, Hailstorm,
                  | Summon Ice Beast
     0 | D:1      | Reached XP level 1. HP: 17/17 MP: 6/6
   268 | D:1      | Reached XP level 2. HP: 23/23 MP: 7/7
   697 | D:1      | Reached XP level 3. HP: 28/28 MP: 9/9
   788 | D:1      | Reached skill level 5 in Spellcasting
  1321 | D:1      | Learned a level 3 spell: Frozen Ramparts
  1626 | D:2      | Reached skill level 1 in Invocations
  1684 | D:1      | Reached skill level 1 in Short Blades
  1684 | D:1      | Reached skill level 1 in Long Blades
  1684 | D:1      | Reached skill level 1 in Axes
  1684 | D:1      | Reached skill level 1 in Polearms
  1684 | D:1      | Reached skill level 1 in Staves
  1684 | D:1      | Reached skill level 1 in Slings
  1684 | D:1      | Reached skill level 1 in Bows
  1684 | D:1      | Reached skill level 1 in Crossbows
  1684 | D:1      | Reached skill level 1 in Throwing
  1684 | D:1      | Reached skill level 1 in Dodging
  1684 | D:1      | Reached skill level 1 in Unarmed Combat
  1684 | D:1      | Reached skill level 1 in Evocations
  1742 | D:2      | Reached XP level 4. HP: 30/34 MP: 3/11
  2270 | D:2      | Reached skill level 1 in Conjurations
  2270 | D:2      | Reached skill level 1 in Hexes
  2270 | D:2      | Reached skill level 1 in Summonings
  2270 | D:2      | Reached skill level 1 in Necromancy
  2270 | D:2      | Reached skill level 1 in Translocations
  2270 | D:2      | Reached skill level 1 in Transmutations
  2270 | D:2      | Reached skill level 1 in Air Magic
  2270 | D:2      | Reached skill level 1 in Earth Magic
  2270 | D:2      | Reached skill level 1 in Poison Magic
  2620 | D:2      | Found a shimmering blue altar of Sif Muna.
  2620 | D:2      | Found an ancient bone altar of Kikubaaqudgha.
  2952 | D:3      | Reached XP level 5. HP: 18/40 MP: 8/12
  3567 | D:3      | Found a snail-covered altar of Cheibriados.
  3575 | D:3      | Became a worshipper of Cheibriados the Contemplative
  3602 | D:3      | Noticed Terence
  3603 | D:3      | Noticed Purgy
  3607 | D:3      | Killed Terence
  3632 | D:3      | Killed Purgy
  3632 | D:3      | Reached XP level 6. HP: 7/47 MP: 1/14
  3944 | D:3      | Reached skill level 2 in Polearms
  3954 | D:3      | Noticed Sigmund
  3961 | D:3      | Killed Sigmund
  3961 | D:3      | Reached XP level 7. HP: 28/52 MP: 11/15
  4345 | D:4      | Reached * piety under Cheibriados
  5096 | D:5      | Entered Level 5 of the Dungeon
  5426 | D:5      | Found a large runed translucent door.
  5426 | D:5      | Found a large runed translucent door.
  5432 | D:5      | Noticed Bikalo's ghost (novice HOMo)
  5454 | D:5      | Noticed Dowan
  5455 | D:5      | Noticed Duvessa
  5464 | D:5      | Killed Duvessa
  5464 | D:5      | Reached XP level 8. HP: 45/60 MP: 12/16
  5476 | D:5      | Killed Dowan
  5476 | D:5      | Reached skill level 3 in Polearms
  5719 | D:5      | Got a crystal spear
  5720 | D:5      | Identified the +6 spear "Semea" {venom, *Corrode rPois
                  | Str+3 Int+4} (You found it on level 5 of the Dungeon)
  5875 | D:5      | Reached ** piety under Cheibriados
  6316 | D:6      | Noticed Blork the orc
  6327 | D:6      | Killed Blork the orc
  6668 | D:6      | Reached *** piety under Cheibriados
  6792 | D:6      | Reached skill level 5 in Ice Magic
  6792 | D:6      | Reached XP level 9. HP: 59/66 MP: 18/18
  7269 | D:7      | Reached skill level 4 in Polearms
  7692 | D:7      | Found a staircase to the Ecumenical Temple.
  7740 | D:7      | Reached skill level 5 in Fighting
  7740 | D:7      | Reached skill level 5 in Maces & Flails
  7740 | D:7      | Reached skill level 5 in Armour
  7740 | D:7      | Reached skill level 5 in Shields
  7896 | D:7      | Noticed Pikel
  7914 | D:7      | Killed Pikel
  7914 | D:7      | Reached skill level 5 in Stealth
  8061 | D:8      | Found a transporter.
  8061 | D:8      | Noticed ohados's ghost (journeyman GnTm)
  8083 | D:8      | Reached skill level 5 in Invocations
  8181 | D:8      | Found a staircase to the Lair.
  8207 | D:8      | Identified a +0 pair of boots of running (You found it on
                  | level 8 of the Dungeon)
  8272 | D:8      | Noticed Psyche
  8277 | D:8      | Noticed a two-headed ogre
  8281 | D:8      | Killed Psyche
  8291 | D:8      | Killed a two-headed ogre
  8291 | D:8      | Reached skill level 5 in Short Blades
  8291 | D:8      | Reached skill level 5 in Long Blades
  8291 | D:8      | Reached skill level 5 in Axes
  8291 | D:8      | Reached skill level 5 in Polearms
  8291 | D:8      | Reached skill level 5 in Staves
  8291 | D:8      | Reached skill level 5 in Slings
  8291 | D:8      | Reached skill level 5 in Bows
  8291 | D:8      | Reached skill level 5 in Crossbows
  8291 | D:8      | Reached skill level 5 in Throwing
  8291 | D:8      | Reached skill level 5 in Dodging
  8291 | D:8      | Reached skill level 5 in Unarmed Combat
  8291 | D:8      | Reached skill level 5 in Evocations
  8291 | D:8      | Reached XP level 10. HP: 68/76 MP: 18/20
  8437 | D:8      | Noticed a two-headed ogre
  8457 | D:8      | Killed a two-headed ogre
  8724 | D:8      | Reached **** piety under Cheibriados
  8787 | D:8      | Found Buotsoli's Antique Armour Shop.
  8790 | D:8      | Bought a warped kite shield for 285 gold pieces
  8795 | D:8      | Identified the +2 kite shield of Death's Door {rF+ Stlth+}
                  | (You bought it in a shop on level 8 of the Dungeon)
  8806 | D:8      | Found a transporter.
  8838 | D:8      | Reached skill level 5 in Fire Magic
  9365 | D:9      | Noticed a two-headed ogre
  9375 | D:9      | Killed a two-headed ogre
  9653 | D:9      | Reached ***** piety under Cheibriados
  9776 | D:9      | Found a sparkling altar of Nemelex Xobeh.
  9885 | D:9      | Noticed Maggie
  9895 | D:9      | Killed Maggie
  9895 | D:9      | Reached XP level 11. HP: 75/83 MP: 22/22
 10045 | D:9      | Reached skill level 6 in Polearms
 10548 | D:10     | Entered Level 10 of the Dungeon
 10548 | D:10     | Noticed a two-headed ogre
 10551 | D:10     | Noticed a two-headed ogre
 10562 | D:9      | Killed a two-headed ogre
 10562 | D:9      | Reached skill level 5 in Conjurations
 10562 | D:9      | Reached skill level 5 in Hexes
 10562 | D:9      | Reached skill level 5 in Summonings
 10562 | D:9      | Reached skill level 5 in Necromancy
 10562 | D:9      | Reached skill level 5 in Translocations
 10562 | D:9      | Reached skill level 5 in Transmutations
 10562 | D:9      | Reached skill level 5 in Air Magic
 10562 | D:9      | Reached skill level 5 in Earth Magic
 10562 | D:9      | Reached skill level 5 in Poison Magic
 10792 | D:9      | Killed a two-headed ogre
 11513 | D:10     | Noticed a two-headed ogre
 11523 | D:10     | Killed a two-headed ogre
 11584 | D:10     | Got a dazzling scale mail
 11595 | D:10     | Identified the +2 scale mail "Dutecvi" {Dex+4} (You found
                  | it on level 10 of the Dungeon)
 11818 | D:10     | Noticed a two-headed ogre
 11827 | D:10     | Killed a two-headed ogre
 12338 | D:11     | Noticed a manticore
 12368 | D:11     | Killed a manticore
 12555 | D:11     | Learned a level 3 spell: Mephitic Cloud
 12556 | D:11     | Noticed Gastronok
 12560 | D:11     | Noticed Snorg
 12575 | D:11     | Killed Gastronok
 12575 | D:11     | Reached XP level 12. HP: 60/91 MP: 24/24
 12585 | D:11     | Killed Snorg
 12585 | D:11     | Reached skill level 7 in Polearms
 12809 | D:11     | Noticed a two-headed ogre
 12823 | D:11     | Killed a two-headed ogre
 12914 | D:11     | Found a staircase to the Orcish Mines.
 12915 | D:11     | Reached ****** piety under Cheibriados
 13182 | D:11     | Noticed Josephine
 13195 | D:11     | Killed Josephine
 13656 | D:11     | Noticed an eight-headed hydra
 13661 | D:11     | Killed an eight-headed hydra
 14166 | D:12     | Reached XP level 13. HP: 81/98 MP: 26/26
 14366 | D:12     | Found a frozen archway.
 14367 | D:12     | Noticed an ice dragon
 14387 | D:12     | Reached skill level 8 in Polearms
 14405 | D:12     | Killed an ice dragon
 14433 | IceCv    | Entered an ice cave
 15345 | IceCv    | Noticed an ice dragon
 15345 | IceCv    | Noticed an ice dragon
 15502 | IceCv    | Killed an ice dragon
 15512 | IceCv    | Killed an ice dragon
 16055 | D:12     | Noticed Nessos
 16064 | D:12     | Killed Nessos
 16599 | D:12     | Found a stormy altar of Qazlal.
 16874 | D:12     | Noticed Urug
 16886 | D:12     | Killed Urug
 17211 | D:12     | Reached skill level 10 in Spellcasting
 17445 | Lair:1   | Entered Level 1 of the Lair of Beasts
 18220 | Lair:1   | Reached XP level 14. HP: 49/108 MP: 28/28
 18974 | Lair:2   | Found a hole to the Spider Nest.
 19045 | Lair:2   | Reached skill level 9 in Polearms
 20042 | Lair:3   | Found a staircase to the Shoals.
 20435 | Lair:3   | Reached skill level 10 in Invocations
 22146 | Lair:5   | Found a viscous altar of Jiyva.
 22147 | Lair:5   | Found a staircase to the Slime Pits.
 22496 | Lair:6   | Entered Level 6 of the Lair of Beasts
 22963 | Lair:6   | Reached skill level 10 in Fighting
 22963 | Lair:6   | Reached skill level 10 in Maces & Flails
 22963 | Lair:6   | Reached skill level 10 in Armour
 22963 | Lair:6   | Reached skill level 10 in Shields
 22983 | Lair:6   | Reached skill level 10 in Stealth
 22984 | Lair:6   | Reached XP level 15. HP: 58/115 MP: 14/29
 23469 | Lair:6   | Reached skill level 10 in Short Blades
 23469 | Lair:6   | Reached skill level 10 in Long Blades
 23469 | Lair:6   | Reached skill level 10 in Axes
 23469 | Lair:6   | Reached skill level 10 in Polearms
 23469 | Lair:6   | Reached skill level 10 in Staves
 23469 | Lair:6   | Reached skill level 10 in Slings
 23469 | Lair:6   | Reached skill level 10 in Bows
 23469 | Lair:6   | Reached skill level 10 in Crossbows
 23469 | Lair:6   | Reached skill level 10 in Throwing
 23469 | Lair:6   | Reached skill level 10 in Dodging
 23469 | Lair:6   | Reached skill level 10 in Unarmed Combat
 23469 | Lair:6   | Reached skill level 10 in Evocations
 24324 | Spider:1 | Entered Level 1 of the Spider Nest
 26311 | Spider:3 | Noticed an emperor scorpion
 26357 | Spider:3 | Killed an emperor scorpion
 26570 | Spider:3 | Reached XP level 16. HP: 108/124 MP: 31/31
 26571 | Spider:3 | Identified a scroll of acquirement
 26996 | Spider:3 | Got a faintly glowing rapier
 26997 | Spider:3 | Identified the +5 rapier of Wiqaq {protect, rN++} (You
                  | found it on level 3 of the Spider Nest)
 27147 | Spider:3 | Learned a level 6 spell: Statue Form
 27340 | Spider:4 | Entered Level 4 of the Spider Nest
 27839 | Spider:4 | Reached skill level 10 in Ice Magic
 28456 | Spider:4 | Reached skill level 11 in Polearms
 28785 | Spider:4 | Noticed Arachne
 28804 | Spider:4 | Killed Arachne
 29294 | Spider:4 | Reached XP level 17. HP: 123/131 MP: 17/33
 29852 | Spider:4 | Got a gossamer rune of Zot
 30190 | Orc:1    | Entered Level 1 of the Orcish Mines
 30190 | Orc:1    | Found Geemell's Armour Shop.
 30195 | Orc:1    | Reached skill level 10 in Fire Magic
 30488 | Orc:1    | Found a flagged portal.
 30497 | Bailey   | Entered a bailey
 31163 | Orc:2    | Entered Level 2 of the Orcish Mines
 31467 | Orc:2    | Found a staircase to the Elven Halls.
 31801 | Orc:2    | Found Jasar's Assorted Antiques.
 31801 | Orc:2    | Found Zeucuygedy's Armour Emporium.
 31801 | Orc:2    | Found Koemirog's Distillery.
 31804 | Orc:2    | Found Kuymmiby's Jewellery Shoppe.
 31833 | Orc:2    | Bought the +3 pair of gauntlets of War {Slay+5} for 617
                  | gold pieces
 31833 | Orc:2    | Found the +3 pair of gauntlets of War {Slay+5}
 31845 | Orc:2    | Bought a wand of clouds (3) for 348 gold pieces
 31847 | Orc:2    | Bought a potion of heal wounds for 70 gold pieces
 31847 | Orc:2    | Bought a potion of heal wounds for 70 gold pieces
 32372 | D:8      | Bought a pair of steaming boots for 285 gold pieces
 32381 | D:8      | Identified the +2 pair of boots "Dues" {rCorr} (You bought
                  | it in a shop on level 8 of the Dungeon)
 32381 | D:8      | Bought an encrusted scale mail for 270 gold pieces
 32391 | D:8      | Identified the +1 scale mail of Midnight {-Cast rN++ Dex+3}
                  | (You bought it in a shop on level 8 of the Dungeon)
 32537 | Shoals:1 | Entered Level 1 of the Shoals
 32888 | Shoals:1 | Reached skill level 10 in Conjurations
 32888 | Shoals:1 | Reached skill level 10 in Hexes
 32888 | Shoals:1 | Reached skill level 10 in Summonings
 32888 | Shoals:1 | Reached skill level 10 in Necromancy
 32888 | Shoals:1 | Reached skill level 10 in Translocations
 32888 | Shoals:1 | Reached skill level 10 in Transmutations
 32888 | Shoals:1 | Reached skill level 10 in Air Magic
 32888 | Shoals:1 | Reached skill level 10 in Earth Magic
 32888 | Shoals:1 | Reached skill level 10 in Poison Magic
 34265 | Shoals:2 | Reached XP level 18. HP: 121/140 MP: 34/34
 34407 | Shoals:2 | Noticed Louise
 34743 | Shoals:2 | Reached skill level 12 in Polearms
 34752 | Shoals:2 | Identified the +8 rapier of Fortitude {vamp, rF+ Dex+3}
                  | (You found it on level 2 of the Shoals)
 34814 | Shoals:2 | Killed Louise
 35225 | Shoals:3 | Found Eneiwon's General Store.
 35376 | Shoals:3 | Bought a scroll of teleportation for 39 gold pieces
 36317 | Shoals:4 | Entered Level 4 of the Shoals
 37100 | Shoals:4 | Identified the cursed -4 pair of gloves of Winter {rF+
                  | Regen+ Int-3 Stlth+} (You found it on level 4 of the
                  | Shoals)
 37559 | Shoals:4 | Got a barnacled rune of Zot
 37666 | Shoals:4 | Identified Arogudil's Compendium of Companions and the
                  | Traveller
 38216 | D:13     | Found a gate to the Vaults.
 38537 | D:13     | Found an opulent altar of Gozag.
 39074 | D:14     | Found Egaulab's Elemental Accessories.
 39091 | D:14     | Reached XP level 19. HP: 148/148 MP: 36/36
 39541 | D:15     | Entered Level 15 of the Dungeon
 39749 | D:15     | Found a runed translucent gate.
 39749 | D:15     | Found a runed translucent gate.
 39782 | D:15     | Found a runed translucent gate.
 39783 | D:15     | Noticed Zigma's ghost (journeyman DrTm)
 39784 | D:15     | Found the +2 hat of the Bear Spirit {Spirit, +Rage rN+
                  | MR++}
 39803 | D:15     | Noticed Agnes
 39814 | D:15     | Killed Agnes
 40177 | D:15     | Found a staircase to the Depths.
 40276 | Depths:1 | Entered Level 1 of the Depths
 40312 | Depths:1 | Found a gateway to Hell.
 40692 | Depths:1 | Reached skill level 13 in Polearms
 41742 | Depths:1 | Got a glimmering great mace
 41743 | Depths:1 | Identified the +5 great mace "Uptat" {freeze, +Inv MP+9
                  | Str-4 Stlth+} (You found it on level 1 of the Depths)
 41898 | Depths:1 | Reached XP level 20. HP: 138/156 MP: 37/37
 42460 | Elf:1    | Entered Level 1 of the Elven Halls
 44179 | Elf:2    | Reached skill level 14 in Polearms
 44353 | Elf:2    | Found a runed translucent gate.
 44353 | Elf:2    | Found a runed translucent gate.
 44354 | Elf:2    | Found a runed translucent gate.
 45500 | Elf:3    | Entered Level 3 of the Elven Halls
 46413 | D:15     | Killed Zigma's ghost
 46453 | D:15     | Got a spiked hat
 46459 | D:15     | Identified the +2 hat "Udwelac" {+Inv Stlth+} (You found it
                  | on level 15 of the Dungeon)
 46767 | Elf:3    | Reached XP level 21. HP: 74/164 MP: 0/39
 46813 | Elf:3    | Identified the +3 whip "Embalmer" {antimagic, rElec Str+3}
 46816 | Elf:3    | Identified the +9 long sword "Jiraom" {flame, *Rage MR++}
 47047 | Elf:3    | Identified the +5 halberd of Omaerele {vorpal, +Fly Str+3
                  | Int+3}
 47047 | Elf:3    | Identified the cursed +0 leather armour "Laoloow" {rF+ rC-
                  | MP+9}
 47047 | Elf:3    | Identified the ring of the Red Skies {*Tele *Corrode *Drain
                  | Dex+5 SInv}
 47111 | Elf:3    | Reached skill level 15 in Polearms
 47111 | Elf:3    | Reached skill level 15 in Invocations
 47300 | Elf:3    | Identified Sif Muna's Guide on Creative Ice
 47335 | Elf:3    | Identified Sif Muna's Grimoire of the Mutagenic Entourage
 47370 | Elf:3    | Identified the Catalogue of the Volcanoes and the
                  | Snowflakes
 47646 | D:8      | Bought a masterwork plate armour for 840 gold pieces
 47656 | D:8      | Identified the +3 plate armour "Viaz Moi" {Str+4} (You
                  | bought it in a shop on level 8 of the Dungeon)
 47823 | Vaults:1 | Entered Level 1 of the Vaults
 49108 | Vaults:1 | Reached skill level 15 in Spellcasting
 49179 | Vaults:1 | Reached XP level 22. HP: 173/173 MP: 41/41
 50215 | Vaults:2 | Reached skill level 16 in Polearms
 50549 | Vaults:2 | Identified the amulet "Juthrie" {rPois Regen+ Dex+3 SInv}
 50550 | Vaults:2 | Found a staircase to the Crypt.
 50550 | Vaults:2 | Found an ancient bone altar of Kikubaaqudgha.
 50551 | Vaults:2 | Found a basalt altar of Yredelemnul.
 51490 | Vaults:3 | You fall into a shaft and drop 1 floor!
 51529 | Vaults:4 | Noticed Mara
 51533 | Vaults:4 | Noticed ReteAZ's illusion
 52054 | Vaults:3 | Reached skill level 15 in Fighting
 52054 | Vaults:3 | Reached skill level 15 in Maces & Flails
 52054 | Vaults:3 | Reached skill level 15 in Armour
 52054 | Vaults:3 | Reached skill level 15 in Shields
 52388 | Vaults:3 | Reached skill level 15 in Stealth
 52396 | Vaults:3 | Found Veohiqo's Assorted Antiques.
 52449 | Vaults:3 | Bought a potion of heal wounds for 125 gold pieces
 52449 | Vaults:3 | Bought a potion of heal wounds for 125 gold pieces
 52678 | Vaults:3 | Reached XP level 23. HP: 181/181 MP: 42/42
 52946 | Vaults:3 | Found a portal to a secret trove of treasure.
 53081 | Vaults:4 | Noticed Saint Roka
 53107 | Vaults:4 | Killed Saint Roka
 53286 | Vaults:4 | Reached skill level 15 in Short Blades
 53286 | Vaults:4 | Reached skill level 15 in Long Blades
 53286 | Vaults:4 | Reached skill level 15 in Axes
 53286 | Vaults:4 | Reached skill level 15 in Staves
 53286 | Vaults:4 | Reached skill level 15 in Slings
 53286 | Vaults:4 | Reached skill level 15 in Bows
 53286 | Vaults:4 | Reached skill level 15 in Crossbows
 53286 | Vaults:4 | Reached skill level 15 in Throwing
 53286 | Vaults:4 | Reached skill level 15 in Dodging
 53286 | Vaults:4 | Reached skill level 15 in Unarmed Combat
 53286 | Vaults:4 | Reached skill level 15 in Evocations
 53289 | Vaults:4 | Noticed Frederick
 53313 | Vaults:4 | Killed Frederick
 53328 | Vaults:4 | Noticed Boris
 53345 | Vaults:4 | Killed Boris
 53345 | Vaults:4 | Reached skill level 17 in Polearms
 53414 | Vaults:4 | Noticed ReteAZ's illusion
 54007 | Vaults:4 | Noticed ReteAZ's illusion
 54224 | Vaults:4 | Killed Mara
 55073 | Depths:2 | Found Misostro's Antique Armour Shop.
 55102 | Depths:2 | Found a magical portal.
 55187 | Depths:2 | Found a flickering gateway to a bazaar.
 55196 | Bazaar   | Entered a bazaar
 55198 | Bazaar   | Found Xaubaorgh's Assorted Antiques.
 55202 | Bazaar   | Found Vextuxed's Armour Boutique.
 55202 | Bazaar   | Found Vahar's Book Boutique.
 55202 | Bazaar   | Found Kuirph Fimua's Magic Scroll Boutique.
 55226 | Bazaar   | Acquired 520 gold pieces
 55232 | Bazaar   | Bought a scroll of acquirement for 1404 gold pieces
 55232 | Bazaar   | Acquired 590 gold pieces
 55337 | WizLab   | Entered The Hall of the Hellbinder
 55361 | WizLab   | Gained mutation: You have sharp toenails. [a neqoxec]
 55671 | WizLab   | Gained mutation: Your body sometimes deteriorates upon
                  | taking damage. [a neqoxec]
 55675 | WizLab   | Gained mutation: Your spells are a little easier to cast,
                  | but a little less powerful. [a neqoxec]
 55675 | WizLab   | Gained mutation: You occasionally shout uncontrollably at
                  | your foes. [a cacodemon]
 55694 | WizLab   | Found a burning altar of Makhleb.
 55699 | WizLab   | Found the +1 cloak of Starlight {rElec rC+ EV+4 Stlth--}
 55715 | WizLab   | Identified the amulet "Pyoriw" {Spirit rF+ Int-2 Dex+2
                  | SInv} (You found it in a wizard's laboratory)
 55772 | WizLab   | Identified the Handbook of the Entourage
 55775 | WizLab   | Identified the ring "Adaig" {+Fly rF+ rC- rCorr Dex+6} (You
                  | found it in a wizard's laboratory)
 55915 | Depths:2 | Reached XP level 24. HP: 189/189 MP: 43/43
 56149 | Vaults:3 | You paid a toll of a +7 demon blade to enter a treasure
                  | trove
 56150 | Trove    | Entered a treasure trove
 56150 | Trove    | Found the ring of Shadows {Umbra +Inv Stlth+}
 56156 | Trove    | Got a pitted glass ring
 56158 | Trove    | Got a pitted pewter ring
 56161 | Trove    | Identified the ring of Hihid {Fire Slay+3} (You found it in
                  | a treasure trove)
 56163 | Trove    | Identified the ring "Dolliono" {MP+9 Str+2 Dex+3} (You
                  | found it in a treasure trove)
 56196 | Trove    | Identified the ring "Nedocsakly" {AC+4 Int+5 Stlth+} (You
                  | found it in a treasure trove)
 56686 | Depths:2 | You fall into a shaft and drop 2 floors!
 56710 | Depths:4 | Reached skill level 18 in Polearms
 56934 | Depths:4 | Learned a level 8 spell: Ignition
 56944 | Depths:4 | Learned a level 9 spell: Shatter
 57085 | Depths:4 | Found a one-way gate to the infinite horrors of the Abyss.
 57305 | Depths:4 | Found a one-way gate leading to the halls of Pandemonium.
 58325 | Depths:3 | Noticed Mennas
 58368 | Depths:2 | Killed Mennas
 58550 | Depths:3 | Reached XP level 25. HP: 197/197 MP: 42/43
 58712 | Depths:3 | Found a gateway to a ziggurat.
 59454 | Depths:5 | Entered Level 5 of the Depths
 59680 | Depths:5 | Noticed Boris
 59687 | Depths:5 | Killed Boris
 59741 | Depths:5 | Reached skill level 19 in Polearms
 59760 | Depths:5 | Found a gate to the Realm of Zot.
 60814 | Crypt:1  | Entered Level 1 of the Crypt
 60859 | Crypt:1  | Noticed Boris
 60871 | Crypt:1  | Killed Boris
 61303 | Crypt:1  | Reached XP level 26. HP: 206/206 MP: 44/44
 61612 | Crypt:2  | Noticed Khufu
 61638 | Crypt:2  | Killed Khufu
 62050 | Crypt:3  | Entered Level 3 of the Crypt
 62197 | Crypt:3  | Noticed Sojobo
 62219 | Crypt:3  | Killed Sojobo
 62327 | Crypt:3  | Reached skill level 15 in Ice Magic
 62331 | Crypt:3  | Reached skill level 20 in Polearms
 62549 | Crypt:3  | Noticed Boris
 62568 | Crypt:3  | Killed Boris
 62592 | Crypt:3  | Found a staircase to the Tomb.
 63282 | Crypt:3  | Noticed an ancient lich
 63282 | Crypt:3  | Noticed an ancient lich
 63282 | Crypt:3  | Noticed an ancient lich
 63301 | Crypt:3  | Killed an ancient lich
 63302 | Crypt:3  | Killed an ancient lich
 63304 | Crypt:3  | Killed an ancient lich
 63561 | Hell     | Entered the Vestibule of Hell
 63561 | Hell     | Noticed Geryon
 63651 | Hell     | Reached XP level 27. HP: 174/215 MP: 30/44
 63654 | Hell     | Reached skill level 15 in Fire Magic
 63686 | Hell     | Killed Geryon
 63865 | Hell     | Found a gateway to the freezing wastes of Cocytus.
 64028 | Hell     | Found a gateway to the Iron City of Dis.
 64155 | Hell     | Found a gateway to the ashen valley of Gehenna.
 64307 | Hell     | Reached skill level 15 in Conjurations
 64307 | Hell     | Reached skill level 15 in Hexes
 64307 | Hell     | Reached skill level 15 in Summonings
 64307 | Hell     | Reached skill level 15 in Necromancy
 64307 | Hell     | Reached skill level 15 in Translocations
 64307 | Hell     | Reached skill level 15 in Transmutations
 64307 | Hell     | Reached skill level 15 in Air Magic
 64307 | Hell     | Reached skill level 15 in Earth Magic
 64307 | Hell     | Reached skill level 15 in Poison Magic
 64346 | Hell     | Found a gateway to the decaying netherworld of Tartarus.
 64694 | Vaults:5 | Entered Level 5 of the Vaults
 64916 | Vaults:4 | Reached skill level 21 in Polearms
 65326 | Vaults:5 | Found the +2 hood of the Assassin {Detection Stab+ Stlth++}
 65854 | Vaults:5 | Noticed an ancient lich
 65861 | Vaults:5 | Killed an ancient lich
 66106 | Vaults:5 | Identified the Grimoire of the Mountains and Beguiling
 66116 | Vaults:5 | Identified the +3 leather armour of Hepliaklqana's Regard
                  | {-Tele rF+ Str+4} (You found it on level 5 of the Vaults)
 66401 | Vaults:5 | Found the +6 arbalest "Damnation" {damnation}
 66402 | Vaults:5 | Identified the Disquisition on Excruciating Poison
 66493 | Vaults:5 | Got a silver rune of Zot
 66541 | Vaults:5 | Found Hifiubor's General Store.
 66552 | Vaults:5 | Bought a scroll of blinking for 135 gold pieces
 66552 | Vaults:5 | Bought a scroll of teleportation for 54 gold pieces
 66691 | Vaults:5 | Identified the Disquisition on Battle Magic and the
                  | Mountains
 66744 | Vaults:5 | Identified the +2 rapier "Ticlutt" {elec, Int+7 Dex+3} (You
                  | found it on level 5 of the Vaults)
 67032 | Depths:1 | Learned a level 8 spell: Necromutation
 67110 | Depths:3 | Voluntarily entered the Abyss.
 67113 | Abyss:2  | Found a corrupted altar of Lugonu.
 67396 | Abyss:3  | Got an abyssal rune of Zot
 67534 | Depths:3 | Escaped the Abyss
 67783 | Tar:1    | Entered Level 1 of Tartarus
 68006 | Tar:2    | Reached skill level 22 in Polearms
 68988 | Tar:4    | You fall into a shaft and drop 2 floors!
 69159 | Tar:7    | Entered Level 7 of Tartarus
 69450 | Tar:7    | Noticed the Serpent of Hell
 69468 | Tar:7    | Killed the Serpent of Hell
 69619 | Tar:7    | Noticed Ereshkigal
 69646 | Tar:7    | Killed Ereshkigal
 69692 | Tar:7    | Got a bone rune of Zot
 69799 | Tar:7    | Noticed an ancient lich
 69800 | Tar:7    | Noticed an ancient lich
 69807 | Tar:7    | Killed an ancient lich
 69832 | Tar:7    | Killed an ancient lich
 69832 | Tar:7    | Reached skill level 23 in Polearms
 70139 | Tar:7    | Identified the Papyrus of Flying Beguiling
 70344 | Tar:7    | Identified the +5 ring mail of the Cockatrice {rElec Str+4
                  | Int+3} (You found it on level 7 of Tartarus)
 70385 | Tar:7    | Got a glittering silver ring
 70387 | Tar:7    | Identified the ring "Caquf" {rF+ rC+ Int-4 Dex+3} (You
                  | found it on level 7 of Tartarus)
 70722 | Geh:1    | Entered Level 1 of Gehenna
 71787 | Geh:7    | Entered Level 7 of Gehenna
 71861 | Geh:7    | Acquired 670 gold pieces
 71862 | Geh:7    | Acquired 1200 gold pieces
 72071 | Geh:7    | Reached skill level 24 in Polearms
 72398 | Geh:7    | Identified the +7 sceptre of Asmodeus
 72398 | Geh:7    | Noticed Asmodeus
 72436 | Geh:7    | Killed Asmodeus
 72442 | Geh:7    | Got an obsidian rune of Zot
 72724 | Coc:1    | Entered Level 1 of Cocytus
 73634 | Coc:7    | Entered Level 7 of Cocytus
 74200 | Coc:7    | Noticed Antaeus
 74770 | Coc:7    | Identified the +9 broad axe of the Median {speed, +Rage rF+
                  | Int-5 SInv}
 74867 | Coc:7    | Reached skill level 25 in Polearms
 75032 | Coc:7    | Killed Antaeus
 75056 | Coc:7    | Got an icy rune of Zot
 75206 | Dis:1    | Entered Level 1 of the Iron City of Dis
 75209 | Dis:1    | You fall into a shaft and drop 1 floor!
 75924 | Dis:7    | Entered Level 7 of the Iron City of Dis
 76152 | Dis:7    | Killed from afar by a Tzitzimitl

Illustrated notes

Levels and vault maps discovered:
D:1:      minmay_arrival_solitary_statue, layout_loops_corners, minmay_ruptured
D:2:      layout_loops_ring, amethyst_overflow_temple_binary
D:3:      layout_loops_ring, lemuel_coloured_pillars_altar,
          minmay_misc_feat_enclosed, uniq_sigmund, uniq_purgy, uniq_terence
D:4:      layout_gridville
D:5:      layout_basic, ebering_ghost_disaster_area,
          chequers_serial_rivers_small_a, kennysheep_small_square, uniq_duvessa
D:6:      layout_basic, uniq_blork_the_orc
D:7:      layout_rooms, minmay_temple_entry_enclosed_plants, uniq_pikel
D:8:      layout_cave_pods, dpeg_oklobed_lair, serial_shops,
          nicolae_shop_behind_doors, gammafunk_ghost_stat_death, uniq_psyche
D:9:      layout_basic, nemelex_xobeh_ov_fountains_minmay, uniq_maggie
D:10:     layout_cave_pools
D:11:     layout_roguey, kennysheep_orc_monster_closet_entryway, uniq_gastronok,
          uniq_snorg, uniq_josephine
D:12:     layout_long_grid, portal_ice_cave_entry_animals_and_master,
          nicolae_qazlal_style_of_elements, uniq_nessos, uniq_urug
D:13:     layout_roguey, erik_vaults_1, lemuel_oklob_altar
D:14:     layout_rooms, nrook_uturn, nicolae_elemental_shop
D:15:     grunt_enter_depths_magical_seal, layout_cave_pools,
          gammafunk_ghost_spectres, minmay_misc_feat_rows, uniq_agnes
Lair:1:   wander_river, layout_cave_pods, beast_lair_carwin_1,
          infiniplex_staircase_pool_2, grunt_megastairs_4
Lair:2:   layout_regular_city, spider_nest_entry_webs
Lair:3:   layout_loops_ring, minmay_shoals_entry_centaurs, lemuel_fruit_fields,
          lemuel_fruit_tree, lemuel_fruit_fields
Lair:4:   layout_hall_layers, kennysheep_abandoned_house
Lair:5:   layout_roguey, dpeg_slime_entry_enclosed_altar, minivault_24,
          serial_bayou_lagoon_b
Lair:6:   grunt_lair_end_beastmaster, layout_gridlike
Shoals:1: layout_shoals, st_cyclops
Shoals:2: layout_shoals, uniq_louise
Shoals:3: layout_shoals, serial_shops, shop_fountains
Shoals:4: shoals_end_grunt_ice, layout_shoals
Spider:1: layout_chambers
Spider:2: layout_spider_delve, drop_trap
Spider:3: layout_spider_delve, nicolae_spider_stair_cavern
Spider:4: floodkiller_spider_rune_tomb, hangedman_spider_mandibles, uniq_arachne
Orc:1:    layout_caves, enter_bailey_6, serial_shops, shop
Orc:2:    st_orc_mages, layout_caves, minmay_orc_keep
Elf:1:    layout_gridlike, evilmike_minifort
Elf:2:    layout_geoelf_grid
Elf:3:    minmay_elf_hall_quartered_circle, layout_geoelf_castle, serial_sigils,
          serial_sigils_hangedman_confine, serial_sigils_hangedman_gnaw,
          serial_sigils_hangedman_carve, serial_sigils_hangedman_quiver
Vaults:1: v_rooms_6, nicolae_vaults_angled_halls,
          nicolae_vaults_little_squares_5, nicolae_vaults_yaktaur_gun_rack,
          vaults_dpeg_hooks, grunt_vaults_bifocal, vaults_room_corners,
          v_misc_32, vaults_standard_mumra_enter_the_diamond,
          nicolae_vaults_windows_and_doors_thing, ontoclasm_vaults_shuriken,
          vaults_dpeg_spiral, layout_vaults_omnicross
Vaults:2: hangedman_vaults_corner, minmay_crypt_entry_necro_gods,
          hangedman_vaults_stagger, hangedman_vaults_nails, v_misc_22, v_misc_2,
          v_misc_3, vaults_room_fancy_cross, nicolae_vaults_mini_display_case,
          layout_vaults_ring
Vaults:3: nicolae_vaults_border_crossing, v_misc_5, hangedman_vaults_hat,
          nicolae_vaults_little_squares_1, nicolae_vaults_network_quinsquares
          [nicolae_vaults_network_quincunx_subvault,
          nicolae_vaults_network_quincunx_subvault,
          nicolae_vaults_network_quincunx_subvault,
          nicolae_vaults_network_quincunx_subvault], vaults_dpeg_ring,
          ontoclasm_vaults_claustrophobia, nicolae_vaults_little_squares_1,
          v_misc_17, layout_vaults_chaotic_city, serial_shops, shop,
          enter_trove_5
Vaults:4: ontoclasm_vaults_gateway, nicolae_vaults_network_star, v_misc_30,
          hangedman_vaults_restitches, nicolae_vaults_alarming,
          layout_vaults_quadrants, uniq_mara, uniq_boris, uniq_frederick,
          uniq_saint_roka
Vaults:5
Crypt:1:  layout_misc_corridors
Crypt:2:  layout_rooms, hangedman_weighted_door, uniq_khufu
Crypt:3:  david_glass_crypt, layout_misc_corridors, tomb_entry_shell_bobbens,
          nicolae_crypt_cryptocurrency, uniq_sojobo
Depths:1: layout_cave_shapes, lightli_too_deep, roderic_serpentine_path,
          hangedman_cracks_in_the_wall, grunt_megastairs_1
Depths:2: hangedman_screamer, layout_basic, infiniplex_enter_wizlab_water,
          hellmouth_1, serial_shops, bzr_entry_islet, shop,
          corexii_leaking_fountain
Depths:3: minmay_blocking_statues, layout_cave_shapes, enter_ziggurat_b,
          hell_entry, abyss_entry, rand_demon_pan_entry_1,
          minmay_misc_feat_encased, uniq_mennas
Depths:4: minmay_diamond_stairs, layout_cave_pools, pan_entry, abyss_entry,
          hell_entry, hangedman_decor_clover_reticule,
          hangedman_stitches_earthworm
Depths:5: grunt_zot_entry_tricorne, layout_gridville, hangedman_decor_lopped,
          hell_entry, minmay_misc_feat_more_columns
Hell
Dis:1:    layout_chaotic_city
Dis:2:    layout_regular_city
Dis:3:    layout_subdivisions
Dis:4:    layout_subdivisions
Dis:5:    layout_regular_city
Dis:6:    layout_chaotic_city, nrook_loot_triangle
Dis:7:    iron_city_of_dis [dis_mu, dis_wall_7], layout_chaotic_city
Geh:1:    layout_gehenna_lava_caves
Geh:2:    layout_gehenna_pools_triple
Geh:3:    layout_gehenna_lava_caves
Geh:4:    layout_gehenna_pools_triple, lemuel_flamethrower_2
Geh:5:    layout_gehenna_pools_box
Geh:6:    layout_gehenna_pools_basic
Geh:7:    geh_hangedman
Coc:1:    layout_cocytus_water_paths
Coc:2:    layout_cocytus_water_paths
Coc:3:    layout_ice_bergs
Coc:4:    layout_ice_bergs
Coc:5:    layout_cocytus_water_paths
Coc:6:    layout_cocytus_water_paths
Coc:7:    coc_dpeg
Tar:1:    layout_grid_maze
Tar:2:    layout_catacombs
Tar:3:    layout_honeycomb, evilmike_ambush [evilmike_ambush_outer_basic,
          evilmike_ambush_inner_basic]
Tar:4:    layout_grid_maze
Tar:6:    layout_grid_maze
Tar:7:    tar_old

Skill      XL: |  1  2  3  4  5  6  7  8  9 10 11 12 13 14 15 16 17 18 19 20 21 22 23 24 25 26 27 |
---------------+----------------------------------------------------------------------------------+-----
Fire Magic     | 2 3 4 5 6 7 8 9 10 11 12 13 14 18 | 18.2
Spellcasting   | 5 6 7 8 9 10 11 12 13 14 15 16 17 21 | 21.2
Invocations    | 1 2 3 4 5 6 7 8 9 10 11 12 13 14 15 16 17 18 22 | 22.4
Short Blades   | 1 2 3 5 6 7 8 9 10 11 12 13 14 15 16 17 20 | 20.9
Long Blades    | 1 2 3 5 6 7 8 9 10 11 12 13 14 15 16 17 20 | 20.9
Axes           | 1 2 3 5 6 7 8 9 10 11 12 13 14 15 16 17 20 | 20.9
Polearms       | 1 2 3 5 6 7 8 9 10 11 12 13 14 15 16 17 18 19 20 25 | 25.2
Staves         | 1 2 3 5 6 7 8 9 10 11 12 13 14 15 16 17 20 | 20.9
Slings         | 1 2 3 5 6 7 8 9 10 11 12 13 14 15 16 17 20 | 20.9
Bows           | 1 2 3 5 6 7 8 9 10 11 12 13 14 15 16 17 20 | 20.9
Crossbows      | 1 2 3 5 6 7 8 9 10 11 12 13 14 15 16 17 20 | 20.9
Throwing       | 1 2 3 5 6 7 8 9 10 11 12 13 14 15 16 17 20 | 20.9
Dodging        | 1 2 3 5 6 7 8 9 10 11 12 13 14 15 16 17 20 | 20.9
Unarmed Combat | 1 2 3 5 6 7 8 9 10 11 12 13 14 15 16 17 20 | 20.9
Evocations     | 1 2 3 5 6 7 8 9 10 11 12 13 14 15 16 17 20 | 20.9
Conjurations   | 1 2 3 4 5 6 7 8 9 10 11 12 13 14 18 | 18.1
Hexes          | 1 2 3 4 5 6 7 8 9 10 11 12 13 14 18 | 18.1
Summonings     | 1 2 3 4 5 6 7 8 9 10 11 12 13 14 18 | 18.1
Necromancy     | 1 2 3 4 5 6 7 8 9 10 11 12 13 14 18 | 18.1
Translocations | 1 2 3 4 5 6 7 8 9 10 11 12 13 14 18 | 18.1
Transmutations | 1 2 3 4 5 6 7 8 9 10 11 12 13 14 18 | 18.1
Air Magic      | 1 2 3 4 5 6 7 8 9 10 11 12 13 14 18 | 18.1
Earth Magic    | 1 2 3 4 5 6 7 8 9 10 11 12 13 14 18 | 18.1
Poison Magic   | 1 2 3 4 5 6 7 8 9 10 11 12 13 14 18 | 18.1
Fighting       | 3 4 5 6 7 8 9 10 11 12 13 14 15 16 17 21 | 21.0
Maces & Flails | 3 4 5 6 7 8 9 10 11 12 13 14 15 16 17 21 | 21.0
Armour         | 3 4 5 6 7 8 9 10 11 12 13 14 15 16 17 21 | 21.0
Shields        | 3 4 5 6 7 8 9 10 11 12 13 14 15 16 17 21 | 21.0
Ice Magic      | 4 5 6 7 8 9 10 11 12 13 14 15 18 | 18.4
Stealth        | 3 4 5 6 7 8 9 10 11 12 13 14 15 16 17 23 | 23.3

Action                   |  1- 3 |  4- 6 |  7- 9 | 10-12 | 13-15 | 16-18 | 19-21 | 22-24 | 25-27 || total
-------------------------+-------+-------+-------+-------+-------+-------+-------+-------+-------++-------
Melee: Mace              |    84 |    43 |       |       |       |       |       |       |       ||   127
       Bite              |     8 |     4 |    40 |   136 |   428 |   372 |   306 |   287 |  1274 ||  2855
       Punch             |       |     1 |     8 |       |       |       |       |       |       ||     9
       War axe           |       |    26 |    42 |       |       |       |       |       |       ||    68
       Spear             |       |       |   172 |   570 |  1622 |  2053 |   741 |    22 |       ||  5180
       Unarmed           |       |       |       |       |       |    34 |       |       |  1155 ||  1189
       Eveningstar       |       |       |       |       |       |       |   604 |  1376 |  2807 ||  4787
       Kick              |       |       |       |       |       |       |       |   125 |   498 ||   623
       Eudemon blade     |       |       |       |       |       |       |       |       |   887 ||   887
       Rapier            |       |       |       |       |       |       |       |       |   361 ||   361
Throw: Dart              |       |       |    27 |    19 |    11 |    90 |       |       |       ||   147
       Javelin           |       |       |       |       |    15 |    25 |    46 |    31 |    50 ||   167
       Boomerang         |       |       |       |       |       |   218 |    10 |       |       ||   228
 Cast: Freeze            |    10 |    11 |       |     3 |       |       |       |       |       ||    24
       Frozen Ramparts   |     1 |     7 |    13 |    17 |     7 |     1 |       |       |       ||    46
       Mephitic Cloud    |       |       |       |     5 |     8 |    21 |       |       |       ||    34
       Statue Form       |       |       |       |       |       |     3 |       |     9 |    41 ||    53
       Necromutation     |       |       |       |       |       |       |       |       |    49 ||    49
       Shatter           |       |       |       |       |       |       |       |       |     4 ||     4
       Ignition          |       |       |       |       |       |       |       |       |     4 ||     4
Invok: Slouch            |       |       |       |       |    12 |    16 |    21 |    16 |    12 ||    77
       Step From Time    |       |       |       |       |     1 |       |       |       |       ||     1
       Temporal Distorti |       |       |       |       |       |       |       |       |     1 ||     1
 Abil: Evoke Flight      |       |       |       |       |       |     4 |       |       |       ||     4
       End Transformatio |       |       |       |       |       |       |       |       |     3 ||     3
Evoke: Wand              |       |       |       |     1 |    12 |    13 |     4 |     4 |    10 ||    44
       Phial of floods   |       |       |       |       |       |     2 |       |       |       ||     2
       Phantom mirror    |       |       |       |       |       |       |       |       |     2 ||     2
  Use: Potion            |       |     4 |       |     1 |     3 |     3 |     2 |     5 |    23 ||    41
       Scroll            |       |       |       |     2 |    23 |    13 |     8 |    26 |    31 ||   103
 Stab: Sleeping          |     1 |     6 |    10 |    12 |    36 |    31 |    43 |    20 |    39 ||   198
       Confused          |       |       |       |    15 |     8 |    26 |       |     4 |       ||    53
       Distracted        |       |       |       |     2 |     9 |    12 |     5 |     6 |    18 ||    52
       Paralysed         |       |       |       |       |    17 |       |     5 |       |       ||    22
       Petrified         |       |       |       |       |    22 |       |     2 |       |       ||    24
       Petrifying        |       |       |       |       |     2 |       |     1 |       |       ||     3
       Held in net/web   |       |       |       |       |     1 |       |       |       |       ||     1
       Invisible         |       |       |       |       |       |     6 |       |       |       ||     6
Armor: Robe              |    31 |    15 |    17 |       |       |       |     9 |       |       ||    72
       Skin              |       |    32 |       |    24 |       |    17 |       |   125 |   271 ||   469
       Scale mail        |       |       |    13 |    81 |   195 |   243 |   118 |   132 |       ||   782
       Ice dragon scales |       |       |       |       |       |       |    37 |       |       ||    37
       Pearl dragon scal |       |       |       |       |       |       |       |    52 |   442 ||   494
       Quicksilver drago |       |       |       |       |       |       |       |    15 |    33 ||    48
       Ring mail         |       |       |       |       |       |       |       |       |   420 ||   420
Dodge: Dodged            |    80 |    51 |   131 |   282 |   892 |  1015 |   579 |  1446 |  6207 || 10683
Block: Kite shield       |       |       |       |   369 |  1222 |  1355 |   401 |   544 |  6607 || 10498
       Tower shield      |       |       |       |       |       |       |   632 |  1428 |       ||  2060
       Reflection        |       |       |       |       |       |       |    22 |    41 |       ||    63
       Rpst.: Eudemon blade |       |       |       |       |       |       |       |       |   202 ||   202

Table legend: (Time is in decaauts)
 A = Elapsed time spent in this place.
 B = Non-inter-level travel time spent in this place.
 C = Inter-level travel time spent in this place.
 D = Time resting spent in this place.
 E = Time spent auto-exploring this place.
 F = Levels seen in this place.
 G = Mean time per level.
                   A        B        C        D        E       F      G
               +--------+--------+--------+--------+--------+-----+--------+
         Total | 112341 |  97880 |  14461 |   9556 |  53334 |  83 | 1353.5 |
       Dungeon |  28536 |  22461 |   6075 |   3416 |  14975 |  15 | 1902.4 |
          Lair |  11733 |  10225 |   1508 |    353 |   8257 |   6 | 1955.5 |
        Shoals |   8491 |   7284 |   1207 |    716 |   2516 |   4 | 2122.8 |
   Spider Nest |   8188 |   7777 |    411 |   1402 |   3738 |   4 | 2047.0 |
  Orcish Mines |   2766 |   2247 |    519 |    118 |   1355 |   2 | 1383.0 |
   Elven Halls |   5521 |   4832 |    689 |    207 |   3368 |   3 | 1840.3 |
        Vaults |  15342 |  13478 |   1864 |    904 |   8810 |   5 | 3068.4 |
         Crypt |   4509 |   4315 |    194 |    146 |   2822 |   3 | 1503.0 |
        Depths |  11050 |   9391 |   1659 |    750 |   5745 |   5 | 2210.0 |
          Hell |   1701 |   1370 |    331 |    161 |    657 |   1 | 1701.0 |
           Dis |   1234 |   1234 |      0 |      0 |    147 |   7 |  176.3 |
       Gehenna |   2254 |   2254 |      0 |    129 |     77 |   7 |  322.0 |
       Cocytus |   3094 |   3094 |      0 |    253 |      1 |   7 |  442.0 |
      Tartarus |   3877 |   3877 |      0 |    159 |    717 |   6 |  646.2 |
         Abyss |    633 |    633 |      0 |      0 |      0 |   3 |  211.0 |
        Bazaar |     95 |     95 |      0 |      0 |      0 |   1 |   95.0 |
         Trove |    115 |    115 |      0 |      0 |      0 |   1 |  115.0 |
        Bailey |    760 |    760 |      0 |     62 |    120 |   1 |  760.0 |
      Ice Cave |   1516 |   1516 |      0 |    681 |     24 |   1 | 1516.0 |
        Wizlab |    917 |    917 |      0 |     95 |      0 |   1 |  917.0 |
               +--------+--------+--------+--------+--------+-----+--------+

Top non-repeatable levels by time:
Vaults:4: 3848 daAuts
    D:12: 3455 daAuts
Spider:4: 3249 daAuts
Depths:1: 3229 daAuts
    D:11: 3132 daAuts
     D:9: 2982 daAuts
Vaults:3: 2945 daAuts
Vaults:1: 2863 daAuts
Vaults:2: 2844 daAuts
Vaults:5: 2841 daAuts
Depths:2: 2706 daAuts
  Lair:1: 2504 daAuts
     D:8: 2483 daAuts
Shoals:4: 2460 daAuts
 Crypt:3: 2459 daAuts
